 Dungeon Crawl Stone Soup version 0.18.1-50-g88ac8fd (webtiles) character file.

371 Kirkhe the Digger (level 6, 0/54 HPs)
             Began as an Octopode Earth Elementalist on Oct 11, 2016.
             Succumbed to a worker ant's poison
             ... on level 4 of the Dungeon.
             The game lasted 00:09:45 (3043 turns).

Kirkhe the Digger (Octopode Earth Elementalist)     Turns: 3043, Time: 00:09:46

Health: 0/54       AC: 23    Str:  8    XL:     6   Next: 71%
Magic:  5/13       EV:  2    Int: 19    God:
Gold:   107        SH:  0    Dex: 12    Spells: 3 memorised, 8 levels left

rFire  . . .     SeeInvis .     j - +0 hand axe (drain)
rCold  . . .     Gourm    .     (no shield)
rNeg   + + +     Faith    .     (helmet currently unavailable)
rPois  +         Spirit   .     (no amulet)
rElec  .         Dismiss  .     (no ring)
rCorr  .         Reflect  .     (no ring)
SustAt .         Harm     .     (no ring)
MR     .....     NoTele   +     (no ring)
Stlth  +++.......               (no ring)
                                (no ring)
                                (no ring)
                                (no ring)

@: lethally poisoned (0 -> -3), tree-form, not resistant to hostile
enchantments, fairly stealthy
A: almost no armour, (amphibious), 8 rings, (constrict 8), (camouflage 0),
(gelatinous body 0)
a: no special abilities


You were on level 4 of the Dungeon.
You were not hungry.
You were a tree.
You visited 1 branch of the dungeon, and saw 4 of its levels.

You collected 107 gold pieces.

Inventory:

Hand Weapons
 j - a +0 hand axe of draining (weapon)
 k - a +0 spear
 n - a +0 dagger
Missiles
 h - 6 needles of sleeping
 m - 63 stones (quivered)
Scrolls
 i - 3 scrolls of identify
 o - a scroll of teleportation {unknown}
Potions
 e - a potion of resistance
 l - 2 potions of might
Books
 b - a book of Geomancy

   Spells                             Type                      Level
   a - Sandblast                      Earth                        1
   b - Passwall                       Transmutation/Earth          2
   c - Stone Arrow                    Conjuration/Earth            3
   d - Petrify                        Transmutation/Earth          4
   e - Lee's Rapid Deconstruction     Earth                        5
 p - a book of Cantrips

   Spells                             Type                      Level
   a - Corona                         Hexes                        1
   b - Animate Skeleton               Necromancy                   1
   c - Summon Small Mammal            Summoning                    1
   d - Apportation                    Translocation                1
Comestibles
 c - 4 bread rations
 f - 3 royal jellies
 g - 2 meat rations


   Skills:
 - Level 2.0 Dodging
 - Level 2.6 Stealth
 + Level 4.8 Spellcasting
 - Level 1.0 Transmutations
 + Level 5.4 Earth Magic


You had 8 spell levels left.
You knew the following spells:

 Your Spells              Type           Power        Failure   Level  Hunger
a - Sandblast             Erth           ####..       1%          1    None
b - Stone Arrow           Conj/Erth      ##....       14%         3    ##.....
c - Passwall              Trmt/Erth      ###.......   8%          2    #......


Dungeon Overview and Level Annotations

Branches:
Dungeon (4/15)
 Temple: D:4-7

Altars:
Elyvilon
Fedhas
Okawaru
Ru
The Shining One

Shops:
D:4 }

Annotations:
D:3 Robin


Innate Abilities, Weirdness & Mutations

You cannot wear most types of armour.
((You are amphibious.))
You can wear up to eight rings at the same time.
((You can use your tentacles to constrict eight enemies at once.))
((Your skin changes colour to match your surroundings (Stealth).))
((Your rubbery body absorbs attacks (AC +1).))


Message History

* * * LOW HITPOINT WARNING * * *
You feel sick.
* * * LOW HITPOINT WARNING * * *
You feel sick.
* * * LOW HITPOINT WARNING * * *
You feel sick.
* * * LOW HITPOINT WARNING * * *
You feel sick.
* * * LOW HITPOINT WARNING * * *
You feel sick.
* * * LOW HITPOINT WARNING * * *
You feel sick.
* * * LOW HITPOINT WARNING * * *
You feel sick.
* * * LOW HITPOINT WARNING * * *
You feel sick.
Your magical contamination has completely faded away.
* * * LOW HITPOINT WARNING * * *
You feel sick.
You die...

#.# #.# #.# #.# #.# #.#
##.# #############
##... #....†♣.....#
##.#.#
#.##.#####..######.##.#
# #.....<.......
##.######.##.# #.#
##.#.# #.# ######...
............#
#.########### #.#


There were no monsters in sight!

Vanquished Creatures
  A phantom (D:3)
  A scorpion (D:4)
  A howler monkey (D:3)
  An iguana (D:3)
  2 worker ants
  7 adders
  A worm (D:2)
  2 dart slugs
  2 giant geckos (D:1)
  An orc (D:3)
  4 giant cockroaches
  4 goblins
  5 hobgoblins
  6 jackals (D:1)
  3 quokkas
  5 bats
  4 giant newts
  3 kobolds
  6 rats
59 creatures vanquished.

Notes
Turn   | Place    | Note
--------------------------------------------------------------
     0 | D:1      | Kirkhe the Octopode Earth Elementalist began the quest for the Orb.
     0 | D:1      | Reached XP level 1. HP: 11/11 MP: 3/3
   401 | D:1      | Reached XP level 2. HP: 17/17 MP: 0/5
   662 | D:1      | Reached XP level 3. HP: 17/21 MP: 1/6
  1566 | D:2      | Reached skill level 4 in Earth Magic
  1664 | D:2      | Reached XP level 4. HP: 22/27 MP: 5/8
  1975 | D:3      | Noticed a phantom
  2021 | D:3      | Killed a phantom
  2021 | D:3      | Reached XP level 5. HP: 31/31 MP: 0/10
  2213 | D:3      | Learned a level 3 spell: Stone Arrow
  2216 | D:3      | Learned a level 2 spell: Passwall
  2377 | D:3      | Reached skill level 5 in Earth Magic
  2377 | D:3      | Reached XP level 6. HP: 36/36 MP: 7/12
  2484 | D:3      | Noticed Robin
  2657 | D:3      | Found a faded altar to an unknown god.
  2736 | D:3      | Found a white marble altar of Elyvilon.
  2743 | D:3      | Found a sacrificial altar of Ru.
  2801 | D:4      | Found Soelemn's Gadget Emporium.
  2849 | D:4      | Found a glowing golden altar of the Shining One.
  2850 | D:4      | Found an iron altar of Okawaru.
  2851 | D:4      | Found a blossoming altar of Fedhas.
  3038 | D:4      | HP: 2/54 [poisoned by a worker ant]
  3043 | D:4      | Succumbed to a worker ant's poison

Skill      XL: |  1  2  3  4  5 |
---------------+----------------+-----
Earth Magic    | 4 5 |  5.4
Spellcasting   | 3 4 |  4.8
Dodging        | |  2.0
Stealth        | |  2.6
Transmutations | |  1.0

Action                   |  1- 3 |  4- 6 || total
-------------------------+-------+-------++-------
Melee: Unarmed           |    16 |       ||    16
       Constrict         |     5 |     2 ||     7
       Tentacles         |     3 |     1 ||     4
       Dagger            |       |     4 ||     4
       Hand axe          |       |     6 ||     6
 Cast: Sandblast         |    55 |    66 ||   121
  Use: Potion            |       |     6 ||     6
       Scroll            |       |     4 ||     4
 Stab: Sleeping          |       |     1 ||     1
  Eat: Chunk             |     3 |     4 ||     7
Armor: Skin              |     3 |     3 ||     6
Dodge: Dodged            |    26 |    36 ||    62
